 Dungeon Crawl Stone Soup version 0.27-a0-54-g64bdb92e38 (webtiles) character file.

Game seed: 3034205750823896365

18322 Borgoz the Fighter (level 12, -8/89 HPs)
             Began as a Halfling Gladiator on Jan 7, 2021.
             Was a Believer of Ashenzari.
             Mangled by a slime creature (9 damage)
             ... on level 12 of the Dungeon.
             The game lasted 00:32:37 (17518 turns).

Borgoz the Fighter (Halfling Gladiator)            Turns: 17518, Time: 00:32:38

Health: -8/89      AC:  9    Str: 19      XL:     12   Next: 93%
Magic:  12/12      EV: 25    Int:  6      God:    Ashenzari [**....]
Gold:   582        SH:  7    Dex: 16 (17) Spells: 11/11 levels left

rFire    + . .     SeeInvis .   b - +0 falchion (elec)
rCold    . . .     Faith    .   j - +0 buckler "Earthly Heaven" {rF+}
rNeg     . . .     Spirit   .   g - +0 troll leather armour
rPois    +         Reflect  .   c - +1 helmet
rElec    .         Harm     .   H - +0 cloak
rCorr    .         Rampage  .   (no gloves)
Will     .....                  (no boots)
Stlth    +++.......             n - amulet of the acrobat
HPRegen  0.64/turn              u - ring of poison resistance
MPRegen  0.13/turn              t - +4 ring of evasion

@: no status effects
A: small, mutation resistance 1
a: Renounce Religion, Curse Item, Scrying


You were on level 12 of the Dungeon.
You worshipped Ashenzari.
Ashenzari was pleased with you.
You visited 3 branches of the dungeon, and saw 14 of its levels.

You collected 656 gold pieces.
You spent 74 gold pieces at shops.

Inventory:

Hand Weapons
 b - a +0 falchion of electrocution (weapon)
Armour
 c - a +1 helmet (worn)
 g - a +0 troll leather armour (worn)
 j - the +0 buckler "Earthly Heaven" (worn) {rF+}
   (You found it on level 5 of the Dungeon)

   It protects you from fire.
 H - a +0 cloak (worn)
Jewellery
 n - an amulet of the acrobat (around neck)
 t - a +4 ring of evasion (right hand)
 u - a ring of poison resistance (left hand)
Wands
 B - a wand of flame (8)
 E - a wand of random effects (17)
Scrolls
 e - 8 scrolls of teleportation
 h - 2 scrolls of amnesia
 l - 2 scrolls of remove curse
 q - 2 scrolls of fear
 w - a scroll of fog
 D - 3 scrolls of magic mapping
Potions
 a - a potion of flight
 f - 2 potions of might
 k - 3 potions of cancellation
 m - 4 potions of resistance
 v - a potion of haste
 A - a potion of curing
 G - 2 potions of degeneration {unknown}


   Skills:
 * Level 10.9 Fighting
 + Level 10.5 Short Blades
 - Level 2.0 Throwing
 + Level 9.1 Armour
 + Level 9.6 Dodging
 - Level 5.0 Stealth
 - Level 6.0 Shields
 - Level 5.0 Evocations


You had 11 spell levels left.
You didn't know any spells.
Your spell library contained the following spells:

 Spells                   Type           Power        Failure   Level
 Freeze                   Ice            0%           50%         1
 Frozen Ramparts          Ice            0%           86%         3
 Ozocubu's Armour         Ice            0%           86%         3
 Hailstorm                Conj/Ice       0%           99%         4
 Summon Ice Beast         Ice/Summ       0%           99%         4


Dungeon Overview and Level Annotations

Branches:
Dungeon (12/15)            Temple (1/1) D:6            Lair (1/6) D:8
    Orc (0/2) D:11

Altars:
Ashenzari
Cheibriados
Dithmenos
Elyvilon
Fedhas
Gozag
Hepliaklqana
Kikubaaqudgha
Makhleb
Nemelex Xobeh
Okawaru
Qazlal
Ru
Sif Muna
Trog
Uskayaw
Vehumet
Wu Jian
Xom
Yredelemnul
Zin
The Shining One
Beogh

Shops:
D:9 [   D:10 *


Innate Abilities, Weirdness & Mutations

You are small and have problems with some larger weapons.
You are somewhat resistant to further mutation.


Message History

The slime creature hits you.
* * * LOW HITPOINT WARNING * * *
The slime creature completely misses you.
You riposte.
You slash the slime creature!
The slime creature is almost dead.
The slime creature jiggles.
The slime creature hits you!
* * * LOW HITPOINT WARNING * * *
The slime creature completely misses you.
You block the slime creature's attack.
You hit the slime creature.
The slime creature is almost dead.
You block the slime creature's attack. The slime creature misses you.
You riposte.
You hit the slime creature but do no damage.
The slime creature is almost dead.
The slime creature hits you!
* * * LOW HITPOINT WARNING * * *
You block the slime creature's attack. The slime creature hits you!
You die...

, , * , ... .. .# , , ..
.. .# ,. , , ..#. .####..
* ####.* , ,
.#.#.......,* #... , ,
.......... ...#* , *,
,#.....,#..* #..#
..####JJJ#..#..####..# ,
,..$...J@J#..##.#.....###
#.#####..#..............
* * , #.###.#........###
,, , #.# #.##...##...## *
* #.# #.##^..##.....
######.###.##....#...##
#....(...#.##....#.....
#.####.#.#.......#.####
#.##...#.#.......#.#


You could see 5 slime creatures.

Vanquished Creatures
  2 two-headed ogres
  Nergalle (D:11)
  An unseen horror (D:11)
  A cyclops (D:11)
  A black mamba (Lair:1)
  An ugly thing (D:10)
  A cane toad (Lair:1)
  A gargoyle (D:11)
  2 kobold demonologists (D:11)
  2 komodo dragons
  2 trolls
  A hornet (D:6)
  2 wyverns
  A vampire (D:9)
  25 yaks
  A basilisk (Lair:1)
  Grum (Lair:1)
  2 soldier ants
  5 water moccasins
  A sky beast (D:6)
  10 orc warriors
  A black bear (D:8)
  4 ice beasts
  2 phantoms (D:7)
  5 ogres
  4 wolves (D:8)
  5 centaurs
  11 bullfrogs
  6 scorpions
  24 killer bees
  14 wights
  7 electric eels
  5 howler monkeys
  2 gnoll shamans
  A quasit (D:12)
  A bullfrog zombie (D:9)
  6 hounds
  10 orc priests
  4 jellies
  A centaur skeleton (D:6)
  A bullfrog skeleton (D:6)
  An iguana (D:8)
  12 worker ants
  8 orc wizards
  A hound zombie (D:7)
  2 hound skeletons
  A howler monkey zombie (D:5)
  12 gnolls
  14 adders
  2 shadow imps
  2 oozes
  2 ufetubi
  2 adder skeletons
  A worm (D:3)
  2 dart slugs
  8 leopard geckos
  47 orcs
  A ball python (D:5)
  12 bats
  8 giant cockroaches
  9 goblins
  2 hobgoblins (D:3)
  19 jackals
  7 quokkas
  A ball python zombie (D:5)
  3 frilled lizards
  3 jackal skeletons
  16 kobolds
  A leopard gecko skeleton (D:5)
  A leopard gecko zombie (D:8)
  A quokka skeleton (D:6)
  2 quokka zombies
  11 rats
392 creatures vanquished.

Vanquished Creatures (others)
  An adder (D:11)
  An orc (D:11)
  11 plants
13 creatures vanquished.

Grand Total: 405 creatures vanquished

Notes
Turn   | Place    | Note
-------+----------+-------------------------------------------
     0 | D:1      | Borgoz the Halfling Gladiator began the quest for the Orb.
     0 | D:1      | Reached XP level 1. HP: 14/14 MP: 1/1
    55 | D:1      | Reached XP level 2. HP: 17/19 MP: 2/2
   228 | D:1      | Reached skill level 1 in Stealth
   228 | D:1      | Reached XP level 3. HP: 10/24 MP: 3/3
   777 | D:1      | Reached skill level 1 in Armour
  1385 | D:2      | Reached XP level 4. HP: 12/30 MP: 4/4
  2300 | D:3      | Reached XP level 5. HP: 35/36 MP: 5/5
  2589 | D:3      | Noticed a two-headed ogre
  2613 | D:3      | Killed a two-headed ogre
  2614 | D:3      | Reached skill level 5 in Short Blades
  2614 | D:3      | Reached XP level 6. HP: 7/45 MP: 6/6
  2614 | D:3      | Reached XP level 7. HP: 8/49 MP: 7/7
  2614 | D:3      | Reached XP level 8. HP: 8/54 MP: 8/8
  2663 | D:3      | Reached skill level 5 in Dodging
  3581 | D:4      | Reached skill level 5 in Fighting
  3746 | D:4      | Found a shimmering blue altar of Sif Muna.
  3920 | D:4      | Found an iron altar of Okawaru.
  4175 | D:5      | Entered Level 5 of the Dungeon
  4535 | D:5      | Found a sacrificial altar of Ru.
  4895 | D:5      | Got an ichor-stained buckler
  4901 | D:5      | Identified the +0 buckler "Earthly Heaven" {rF+} (You found
                  | it on level 5 of the Dungeon)
  4940 | D:6      | Reached XP level 9. HP: 52/62 MP: 9/9
  4957 | D:6      | Reached skill level 1 in Shields
  4981 | D:6      | Reached skill level 1 in Evocations
  5249 | D:6      | Reached skill level 5 in Stealth
  5501 | D:6      | Reached skill level 5 in Armour
  5597 | D:6      | Noticed a hornet
  5606 | D:6      | Killed a hornet
  5770 | D:6      | Found a staircase to the Ecumenical Temple.
  5782 | Temple   | Entered the Ecumenical Temple
  5920 | Temple   | Became a worshipper of Ashenzari the Shackled
  6555 | D:7      | Reached XP level 10. HP: 59/71 MP: 10/10
  6953 | D:7      | Found a glowing golden altar of the Shining One.
  8137 | D:8      | Reached * piety under Ashenzari
  8312 | D:8      | Noticed a komodo dragon
  8314 | D:8      | Found a staircase to the Lair.
  8342 | D:8      | Killed a komodo dragon
  8755 | D:9      | Found a burning altar of Makhleb.
  8886 | D:9      | Found Habyvog's Armour Emporium.
  9309 | D:9      | Reached XP level 11. HP: 49/77 MP: 11/11
  9514 | D:9      | Found the +4 dagger "Morg" {pain, Will+ Int+5}
  9795 | D:9      | Reached skill level 5 in Shields
  9902 | D:9      | Got the hand axe of the Blessed Realm {flame, +Rage rElec
                  | Str+2}
 10014 | D:9      | Found a radiant altar of Vehumet.
 10043 | D:9      | Found a blossoming altar of Fedhas.
 10044 | D:9      | Found a hazy altar of Hepliaklqana.
 11130 | D:10     | Entered Level 10 of the Dungeon
 12016 | D:10     | Reached skill level 5 in Evocations
 12270 | D:10     | Found Raur's Assorted Antiques.
 12273 | D:10     | Bought a scroll labelled WYISUN DOIBO for 37 gold pieces
 12273 | D:10     | Bought a scroll labelled HOUXYD HIPN for 37 gold pieces
 13010 | D:11     | Noticed Nergalle
 13012 | D:11     | Noticed a red ugly thing
 13136 | D:10     | Killed a red ugly thing
 13506 | D:11     | Killed Nergalle
 13552 | D:11     | Reached XP level 12. HP: 81/86 MP: 12/12
 13579 | D:11     | Found a roughly hewn altar of Beogh.
 13579 | D:11     | Found a staircase to the Orcish Mines.
 13628 | D:11     | HP: 3/87 [orc priest/divine providence (16)]
 13655 | D:10     | HP: 3/87 [orc warrior/+0 flail (14)]
 14052 | Lair:1   | Entered Level 1 of the Lair of Beasts
 14052 | Lair:1   | Noticed Grum
 14286 | Lair:1   | Killed Grum
 14302 | Lair:1   | Reached ** piety under Ashenzari
 14555 | Lair:1   | Reached skill level 10 in Fighting
 14897 | Lair:1   | Reached skill level 10 in Short Blades
 15888 | D:11     | Killed an unseen horror
 16949 | D:11     | Noticed a sun demon
 16963 | D:11     | HP: 5/133 [sun demon[a kobold demonologist] (6)]
 17211 | D:11     | Noticed a two-headed ogre
 17220 | D:11     | Killed a two-headed ogre
 17512 | D:12     | HP: 3/89 [slime creature (11)]
 17518 | D:12     | HP: 1/89 [slime creature (11)]
 17518 | D:12     | Mangled by a slime creature

Illustrated notes

Levels and vault maps discovered:
D:1:      lightli_arrival_quake, layout_basic
D:2:      layout_basic
D:3:      layout_basic, minmay_starry_boxes
D:4:      layout_cave_pools, lemuel_round_altar, serial_column_ruins,
          column_ruins_temple_hall, column_ruins_grid_1, column_ruins_grid_2,
          column_ruins_corridor_corner, column_ruins_open_medium,
          column_ruins_columns_plus, column_ruins_corridor_corner,
          minmay_misc_feat_hallway
D:5:      layout_basic, nicolae_ru_great_annihilating_truth
D:6:      layout_rooms, minmay_temple_entry_large_hall, minivault_24,
          hangedman_abyss_or_decor_passed
D:7:      layout_basic, nicolae_tso_carved_into_rock, corner_web_ring,
          hangedman_minor_gate_pass
D:8:      layout_gridville, david_lair_shrubbed, item_on_display_a
D:9:      layout_irregular_city, grunt_temple_overflow_open, serial_shops, shop,
          basic_altar, minmay_misc_feat_square, nicolae_straight_to_the_point
D:10:     layout_basic, serial_shops, kennysheep_mini, serial_bayou_crossing
D:11:     layout_gridville, david_orc_5, uniq_nergalle
D:12:     layout_basic
Temple:   eino_temple_rhombus
Lair:1:   layout_cave_shapes, amcnicky_mini_pool_medium, uniq_grum

Skill      XL: |  1  2  3  4  5  6  7  8  9 10 11 12 |
---------------+-------------------------------------+-----
Fighting       | 2 4 5 7 8 9 10 | 10.9
Stealth        | 1 3 4 5 |  5.0
Armour         | 1 3 4 5 6 7 9 |  9.1
Short Blades   | 4 5 6 7 8 9 10 | 10.5
Dodging        | 4 5 6 7 8 9 |  9.6
Shields        | 2 4 6 |  6.0
Evocations     | 2 4 5 |  5.0
Throwing       | |  2.0

Action                   |  1- 3 |  4- 6 |  7- 9 | 10-12 || total
-------------------------+-------+-------+-------+-------++-------
Melee: Rapier            |   102 |   146 |    30 |   209 ||   487
       Dagger            |       |       |   430 |   351 ||   781
       Falchion          |       |       |       |   732 ||   732
       Unarmed           |       |       |       |     1 ||     1
Throw: Throwing net      |       |     4 |       |     4 ||     8
Evoke: Wand              |       |       |     5 |    11 ||    16
  Use: Scroll            |     2 |     3 |    11 |     7 ||    23
       Potion            |       |     1 |     4 |     8 ||    13
 Stab: Sleeping          |     3 |       |     6 |     8 ||    17
       Held in net/web   |       |     3 |       |     4 ||     7
       Invisible         |       |       |     1 |       ||     1
       Paralysed         |       |       |     1 |       ||     1
       Distracted        |       |       |     1 |       ||     1
Armor: Leather armour    |     9 |       |       |       ||     9
       Plate armour      |    13 |    92 |    18 |       ||   123
       Scale mail        |       |       |    20 |       ||    20
       Ring mail         |       |       |    38 |    17 ||    55
       Skin              |       |       |    73 |       ||    73
       Chain mail        |       |       |       |   325 ||   325
       Troll leather arm |       |       |       |    12 ||    12
Dodge: Dodged            |    64 |    51 |   257 |  1175 ||  1547
Block: Buckler           |       |       |    61 |   424 ||   485
       Rpst.: Falchion   |       |       |       |   248 ||   248

Table legend: (Time is in decaauts)
 A = Elapsed time spent in this place.
 B = Non-inter-level travel time spent in this place.
 C = Inter-level travel time spent in this place.
 D = Time resting spent in this place.
 E = Time spent auto-exploring this place.
 F = Levels seen in this place.
 G = Mean time per level.
                   A        B        C        D        E       F      G
               +--------+--------+--------+--------+--------+-----+--------+
         Total |  17312 |  16847 |    465 |   5363 |   8020 |  14 | 1236.6 |
       Dungeon |  15892 |  15500 |    392 |   4986 |   7313 |  12 | 1324.3 |
        Temple |    148 |    129 |     19 |      0 |    128 |   1 |  148.0 |
          Lair |   1271 |   1217 |     54 |    377 |    579 |   1 | 1271.0 |
               +--------+--------+--------+--------+--------+-----+--------+

Top non-repeatable levels by time:
    D:10: 2824 daAuts
     D:9: 2138 daAuts
    D:11: 1854 daAuts
     D:8: 1834 daAuts
     D:3: 1277 daAuts
  Lair:1: 1271 daAuts
     D:1: 1269 daAuts
     D:6: 1268 daAuts
     D:2: 1011 daAuts
     D:7: 981 daAuts
     D:5: 702 daAuts
     D:4: 597 daAuts
  Temple: 148 daAuts
    D:12: 132 daAuts
